Workbook

Sheet Activities Budget-Final
B1: Project Name | C1: Advancing digital and green transition for agriculture, manufacturing and processing MSMEs
B4: Activity | C4: Activity Name | D4: Category | E4: Unit | F4: Quantity | G4: Currency | H4: Rate/unit | I4: Total Cost | J4: Total Cost | K4: Total | L4: Budget Allocation (AUD) | N4: Remarks
J5: AUD | K5: Per Activity | L5: FY 25-26 | M5: FY 26-27
B6: 1 | C6: Activity 1: Two 2-Day Training Workshops | K6: =SUM(J8:J22) -> 35813.398 | L6: 10000 | M6: =K6-L6 -> 25813.398
B7: 1.1 | C7: ='1.1. Event 1'!C6 -> 2-Day Workshop #1 in Hanoi | I7: =F7*H8 -> 0 | K7: ='1.1. Event 1'!L6 -> 17649.199
B8: 1.1.1 | C8: ='1.1. Event 1'!C7 -> Professional fee | D8: Professional Services | E8: Event | F8: 1 | G8: AUD | H8: ='1.1. Event 1'!K8 -> 0 | I8: =F8*H8 -> 0 | J8: =I8/_xlfn.XLOOKUP(G8,Validation!$F$3:$F$12,Validation!$G$3:$G$12,0) -> 0
B9: 1.1.2 | C9: ='1.1. Event 1'!C10 -> Participant Expenses | D9: Meetings & Conferences | E9: Event | F9: 1 | G9: AUD | H9: ='1.1. Event 1'!L10 -> 10821.57 | I9: =F9*H9 -> 10821.57 | J9: =I9/_xlfn.XLOOKUP(G9,Validation!$F$3:$F$12,Validation!$G$3:$G$12,0) -> 10821.57
B10: 1.1.3 | C10: ='1.1. Event 1'!C18 -> Hotel package per pax (venue rental and lunch, teabreaks per pax) | E10: Event | F10: 1 | G10: AUD | H10: ='1.1. Event 1'!K18 -> 6313.5742 | I10: =F10*H10 -> 6313.5742 | J10: =I10/_xlfn.XLOOKUP(G10,Validation!$F$3:$F$12,Validation!$G$3:$G$12,0) -> 6313.5742
B11: 1.1.4 | C11: ='1.1. Event 1'!C19 -> Event organization and logistics | E11: Event | F11: 1 | G11: AUD | H11: ='1.1. Event 1'!K19 -> 0 | I11: =F11*H11 -> 0 | J11: =I11/_xlfn.XLOOKUP(G11,Validation!$F$3:$F$12,Validation!$G$3:$G$12,0) -> 0
B12: 1.1.5 | C12: ='1.1. Event 1'!C26 -> Miscellaneous | E12: Event | F12: 1 | G12: AUD | H12: ='1.1. Event 1'!L26 -> 514.05434 | I12: =F12*H12 -> 514.05434 | J12: =I12/_xlfn.XLOOKUP(G12,Validation!$F$3:$F$12,Validation!$G$3:$G$12,0) -> 514.05434
B13: 1.1.6 | C13: ='1.1. Event 1'!C27 -> Event Management Cost | E13: Event | F13: 1 | G13: AUD | H13: ='1.1. Event 1'!L27 -> 0 | I13: =F13*H13 -> 0 | J13: =I13/_xlfn.XLOOKUP(G13,Validation!$F$3:$F$12,Validation!$G$3:$G$12,0) -> 0
B15: 1.2 | C15: ='1.2. Event 2'!C7 -> 2-Day Workshop #2 in HCM | I15: =F15*H16 -> 0 | K15: ='1.2. Event 2'!L7 -> 18164.199
B16: 1.2.1 | C16: ='1.2. Event 2'!C8 -> Professional fee | D16: Professional Services | E16: Event | F16: 1 | G16: AUD | H16: ='1.2. Event 2'!K9 -> 0 | I16: =F16*H16 -> 0 | J16: =I16/_xlfn.XLOOKUP(G16,Validation!$F$3:$F$12,Validation!$G$3:$G$12,0) -> 0
B17: 1.2.2 | C17: ='1.2. Event 2'!C11 -> Participant Expenses | D17: Meetings & Conferences | E17: Event | F17: 1 | G17: AUD | H17: ='1.2. Event 2'!L11 -> 11321.57 | I17: =F17*H17 -> 11321.57 | J17: =I17/_xlfn.XLOOKUP(G17,Validation!$F$3:$F$12,Validation!$G$3:$G$12,0) -> 11321.57
B18: 1.2.3 | C18: ='1.2. Event 2'!C19 -> Hotel package per pax (venue rental and lunch, teabreaks per pax) | E18: Event | F18: 1 | G18: AUD | H18: ='1.2. Event 2'!K19 -> 6313.5742 | I18: =F18*H18 -> 6313.5742 | J18: =I18/_xlfn.XLOOKUP(G18,Validation!$F$3:$F$12,Validation!$G$3:$G$12,0) -> 6313.5742
B19: 1.2.4 | C19: ='1.2. Event 2'!C20 -> Event organization and logistics | E19: Event | F19: 1 | G19: AUD | H19: ='1.2. Event 2'!K20 -> 0 | I19: =F19*H19 -> 0 | J19: =I19/_xlfn.XLOOKUP(G19,Validation!$F$3:$F$12,Validation!$G$3:$G$12,0) -> 0
B20: 1.2.5 | C20: ='1.2. Event 2'!C27 -> Miscellaneous | E20: Event | F20: 1 | G20: AUD | H20: ='1.2. Event 2'!L27 -> 529.05434 | I20: =F20*H20 -> 529.05434 | J20: =I20/_xlfn.XLOOKUP(G20,Validation!$F$3:$F$12,Validation!$G$3:$G$12,0) -> 529.05434
B21: 1.2.6 | C21: ='1.2. Event 2'!C28 -> Event Management Cost | E21: Event | F21: 1 | G21: AUD | H21: ='1.2. Event 2'!L28 -> 0 | I21: =F21*H21 -> 0 | J21: =I21/_xlfn.XLOOKUP(G21,Validation!$F$3:$F$12,Validation!$G$3:$G$12,0) -> 0
B23: 2 | C23: ='2. Coaching '!C7 -> Activity 2: Six 1-Day Coaching Session for 3 sectoral groups | K23: ='2. Coaching '!L7 -> 14405.087 | L23: 31000 | M23: =K23-L23 -> -16594.913
B24: 2.1 | C24: Professional fee | E24: Event | F24: 1 | G24: AUD | H24: ='2. Coaching '!L8 -> 0 | I24: =F24*H24 -> 0 | J24: =I24/_xlfn.XLOOKUP(G24,Validation!$F$3:$F$12,Validation!$G$3:$G$12,0) -> 0
B25: 2.2 | C25: ='2. Coaching '!C11 -> Participant Expenses | E25: Event | F25: 1 | G25: AUD | H25: ='2. Coaching '!L11 -> 12231.751 | I25: =F25*H25 -> 12231.751 | J25: =I25/_xlfn.XLOOKUP(G25,Validation!$F$3:$F$12,Validation!$G$3:$G$12,0) -> 12231.751
B26: 2.3 | C26: ='2. Coaching '!C17 -> Hotel package per pax (venue rental and lunch, teabreaks per pax) | E26: Event | F26: 1 | G26: AUD | H26: ='2. Coaching '!K17 -> 1753.7706 | I26: =F26*H26 -> 1753.7706 | J26: =I26/_xlfn.XLOOKUP(G26,Validation!$F$3:$F$12,Validation!$G$3:$G$12,0) -> 1753.7706
B27: 2.4 | C27: ='2. Coaching '!C18 -> Event organization and logistics | E27: Event | F27: 1 | G27: AUD | H27: ='2. Coaching '!K18 -> 0 | I27: =F27*H27 -> 0 | J27: =I27/_xlfn.XLOOKUP(G27,Validation!$F$3:$F$12,Validation!$G$3:$G$12,0) -> 0
B28: 2.5 | C28: ='2. Coaching '!C22 -> Site Visits | E28: Event | F28: 1 | G28: AUD | H28: ='2. Coaching '!L22 -> 0 | I28: =F28*H28 -> 0 | J28: =I28/_xlfn.XLOOKUP(G28,Validation!$F$3:$F$12,Validation!$G$3:$G$12,0) -> 0
B29: 2.6 | C29: Miscellaneous | E29: Event | F29: 1 | G29: AUD | H29: ='2. Coaching '!L26 -> 419.56564 | I29: =F29*H29 -> 419.56564 | J29: =I29/_xlfn.XLOOKUP(G29,Validation!$F$3:$F$12,Validation!$G$3:$G$12,0) -> 419.56564
B30: 2.7 | C30: Event Management Cost | E30: Event | F30: 1 | G30: AUD | H30: ='2. Coaching '!L27 -> 0 | I30: =F30*H30 -> 0 | J30: =I30/_xlfn.XLOOKUP(G30,Validation!$F$3:$F$12,Validation!$G$3:$G$12,0) -> 0
B32: 3 | C32: Activity 3: Successful Models | K32: =SUM(J33:J36) -> 0 | L32: 31000 | M32: =K32-L32 -> -31000
B33: 3.1 | C33: Professional fee | E33: Day | G33: AUD | I33: =F33*H33 -> 0 | J33: =I33/_xlfn.XLOOKUP(G33,Validation!$F$3:$F$12,Validation!$G$3:$G$12,0) -> 0
B34: 3.2 | C34: Two video highlighting 2 enterprises' experience | E34: Pieces | G34: USD | I34: =F34*H34 -> 0 | J34: =I34/_xlfn.XLOOKUP(G34,Validation!$F$3:$F$12,Validation!$G$3:$G$12,0) -> 0
B35: 3.3 | C35: Graphic design for the leaflets | E35: Pieces | G35: VND | I35: =F35*H35 -> 0 | J35: =I35/_xlfn.XLOOKUP(G35,Validation!$F$3:$F$12,Validation!$G$3:$G$12,0) -> 0
B37: 4 | C37: Reporting | K37: =J38 -> 0 | L37: 7500 | M37: =K37-L37 -> -7500
B38: 4.1 | C38: Project Completion Report | D38: Professional Services | E38: Day | F38: 3 | G38: AUD | H38: =H33 -> 0 | I38: =F38*H38 -> 0 | J38: =I38/_xlfn.XLOOKUP(G38,Validation!$F$3:$F$12,Validation!$G$3:$G$12,0) -> 0
B40: 5 | C40: Contigency | K40: =SUM(J41:J41) -> 5000 | L40: 7500 | M40: =K40-L40 -> -2500
B41: 5.1 | C41: Contigency in Consultant Contract | E41: Lumpsum | F41: 1 | G41: AUD | H41: 5000 | I41: =F41*H41 -> 5000 | J41: =I41/_xlfn.XLOOKUP(G41,Validation!$F$3:$F$12,Validation!$G$3:$G$12,0) -> 5000
J45: Total | K45: =K23+K6+K37+K40+K32 -> 55218.485
J46: Roundup | K46: =ROUNDUP(K45,-2) -> 55300

Sheet 1.1. Event 1
B1: Project Name | C1: ='Activities Budget-Final'!C1 -> Advancing digital and green transition for agriculture, manufacturing and processing MSMEs
B2: Activity | C2: =C6 -> 2-Day Workshop #1 in Hanoi
B4: Activity Code | C4: Activity Name | D4: Category | E4: Unit | F4: Quantity | G4: Days | H4: Currency | I4: Rate/unit | J4: Total Cost | K4: Total Cost | L4: Total | M4: Remarks
K5: AUD | L5: Per Activity
B6: 1.1 | C6: 2-Day Workshop #1 in Hanoi | L6: =SUM(L7:L29) -> 17649.199
B7: 1.1.1 | C7: Professional fee | L7: =IFERROR(SUMIFS(K:K, B:B, B7 & "*"), "") -> 0
B8: 1.1.1.1 | C8: Professional fee (inclusive of all costs and expenses) | D8: Professional Services | E8: Day | H8: AUD | J8: =F8*G8*I8 -> 0 | K8: =J8/_xlfn.XLOOKUP(H8,Validation!$F$3:$F$12,Validation!$G$3:$G$12,0) -> 0
B10: 1.1.2 | C10: Participant Expenses | L10: =IFERROR(SUMIFS(K:K, B:B, B10 & "*"), "") -> 10821.57
B11: 1.1.2.1 | C11: Local Participant Perdiem (3 days) | D11: Local Per Diem | E11: Person | F11: 25 | G11: 3 | H11: USD | I11: 34 | J11: =F11*G11*I11 -> 2550 | K11: =J11/_xlfn.XLOOKUP(H11,Validation!$F$3:$F$12,Validation!$G$3:$G$12,0) -> 3895.5087 | M11: Note to bidders: This budget line is for estimation purposes only. Actual payment will be determined based on participants' actual travel itineraries. RT4D will provide further guidance on per diem calculations when the final flight schedules become available.
B12: 1.1.2.2 | C12: Hotel Accommodation (2 night) | D12: Accommodation | E12: Person | F12: 25 | G12: 2 | H12: USD | I12: 41 | J12: =F12*G12*I12 -> 2050 | K12: =J12/_xlfn.XLOOKUP(H12,Validation!$F$3:$F$12,Validation!$G$3:$G$12,0) -> 3131.6835 | M12: Note to bidders: This accommodation budget is provided for costing purposes only. Actual reimbursement will be based on participants' actual hotel receipts. The selected bidder must submit at least three hotel options for RT4D's review and approval, with a preference for four-star accommodations.
B13: 1.1.2.3 | C13: Airport transfer allowance | D13: Local Transportation | E13: Person | F13: 10 | G13: 4 | H13: USD | I13: 13 | J13: =F13*G13*I13 -> 520 | K13: =J13/_xlfn.XLOOKUP(H13,Validation!$F$3:$F$12,Validation!$G$3:$G$12,0) -> 794.37825 | M13: Note to bidders: This amount is included for budgeting purposes only. The actual arrangements and associated costs will be finalized in consultation with RT4D after contract award.
B14: 1.1.2.4 | C14: Land travel allowance (10ppl) | D14: Local Transportation | E14: Person | F14: 15 | G14: 2 | H14: AUD | I14: 50 | J14: =F14*G14*I14 -> 1500 | K14: =J14/_xlfn.XLOOKUP(H14,Validation!$F$3:$F$12,Validation!$G$3:$G$12,0) -> 1500 | M14: Note to bidders: This budget is for costing purposes only. Actual arrangements will be agreed with RT4D at a later stage.
B15: 1.1.2.5 | C15: Airfare - Domestic | D15: Airfare | E15: Person | F15: =F13 -> 10 | G15: 1 | H15: AUD | I15: 150 | J15: =F15*G15*I15 -> 1500 | K15: =J15/_xlfn.XLOOKUP(H15,Validation!$F$3:$F$12,Validation!$G$3:$G$12,0) -> 1500 | M15: Note to bidders: This amount is included for budgeting purposes only. Actual payment will be determined based on the actual cost of participants' air tickets.
B17: 1.1.3 | C17: Event Facilitation Expenses | L17: =IFERROR(SUMIFS(K:K, B:B, B17 & "*"), "") -> 6313.5742
B18: 1.1.3.1 | C18: Hotel package per pax (venue rental and lunch, teabreaks per pax) | D18: Meetings & Conferences | E18: Person | F18: 60 | G18: 2 | H18: VND | I18: 900000 | J18: =F18*G18*I18 -> 108000000 | K18: =J18/_xlfn.XLOOKUP(H18,Validation!$F$3:$F$12,Validation!$G$3:$G$12,0) -> 6313.5742 | M18: Note to bidders: This budget is for costing purposes only. The selected bidder must provide three hotel options and each option's actual cost for RT4D's approval, preferably at the four-star level.
B19: 1.1.3.2 | C19: Event organization and logistics | K19: =SUM(K20:K25) -> 0 | M19: Bidders to complete: Please provide a cost breakdown for this line item for proposal costing purposes. This expense is reimbursable based on actual receipts.
C20: - Event logistics & organization service | D20: Meetings & Conferences | E20: Lumpsum | F20: 1 | G20: 2 | H20: VND | K20: =J20/_xlfn.XLOOKUP(H20,Validation!$F$3:$F$12,Validation!$G$3:$G$12,0) -> 0 | M20: Note to bidders: The quoted cost should include all required workshop equipment, facilities, and support services, including but not limited to LED screen(s), high-quality audiovisual and sound systems, microphones (wireless handheld, lapel and podium), interpretation equipment, reliable high-speed internet connectivity, hybrid meeting facilities (including Zoom connectivity and livestreaming)where required, registration and check-in facilities, POS facilities, signage and nameplates, power supply and extension cables, reception services, technical support personnel, and any other equipment or facilities necessary for the successful delivery of the workshop.
C21: - Event material | D21: Meetings & Conferences | E21: Lumpsum | F21: 1 | G21: 1 | H21: AUD | K21: =J21/_xlfn.XLOOKUP(H21,Validation!$F$3:$F$12,Validation!$G$3:$G$12,0) -> 0
C22: - Event Support - MC | D22: Meetings & Conferences | E22: Lumpsum | F22: 1 | G22: 2 | H22: VND | K22: =J22/_xlfn.XLOOKUP(H22,Validation!$F$3:$F$12,Validation!$G$3:$G$12,0) -> 0
C23: - Event Support - Interpreter if any | D23: Meetings & Conferences | E23: Lumpsum | F23: 1 | G23: 1 | H23: VND | K23: =J23/_xlfn.XLOOKUP(H23,Validation!$F$3:$F$12,Validation!$G$3:$G$12,0) -> 0
C24: - Event Support - Videoman & Cameraman | D24: Meetings & Conferences | E24: Lumpsum | F24: 1 | G24: 2 | H24: VND | K24: =J24/_xlfn.XLOOKUP(H24,Validation!$F$3:$F$12,Validation!$G$3:$G$12,0) -> 0 | M24: Note to bidders: Deliverables shall include event photos, one workshop recap video, 2-3 participant or stakeholder interviews conducted during the workshop, and all raw footage, including full recordings of VIP speeches.
C25: - Branded Stationaries | D25: Meetings & Conferences | E25: Pax | F25: 60 | G25: 1 | H25: VND | K25: =J25/_xlfn.XLOOKUP(H25,Validation!$F$3:$F$12,Validation!$G$3:$G$12,0) -> 0 | M25: Note to bidders: follow RT4D's standard branding requirements and templates.
B26: 1.1.4 | C26: Miscellaneous | D26: Meetings & Conferences | E26: Lumpsum | F26: 1 | G26: 1 | J26: =F26*G26*I26 -> 0 | K26: =3%*(L10+L17) -> 514.05434 | L26: =IFERROR(SUMIFS(K:K, B:B, B26 & "*"), "") -> 514.05434
B27: 1.1.5 | C27: Event Management Cost | D27: Subcontractor-External | E27: Lumpsum | F27: 1 | G27: 1 | J27: =F27*G27*I27 -> 0 | L27: =IFERROR(SUMIFS(K:K, B:B, B27 & "*"), "") -> 0

Sheet 1.2. Event 2
B1: Project Name | C1: ='Activities Budget-Final'!C1 -> Advancing digital and green transition for agriculture, manufacturing and processing MSMEs
B2: Activit | C2: =C7 -> 2-Day Workshop #2 in HCM
B5: Activity Code | C5: Activity Name | D5: Category | E5: Unit | F5: Quantity | G5: Days | H5: Currency | I5: Rate/unit | J5: Total Cost | K5: Total Cost | L5: Total | M5: Remarks
K6: AUD | L6: Per Activity
B7: 1.2 | C7: 2-Day Workshop #2 in HCM | L7: =SUM(L8:L29) -> 18164.199
B8: 1.2.1 | C8: Professional fee | L8: =IFERROR(SUMIFS(K:K, B:B, B8 & "*"), "") -> 0
B9: 1.2.1.1 | C9: Professional fee (inclusive of all costs and expenses) | D9: Professional Services | E9: Day | H9: AUD | J9: =F9*G9*I9 -> 0 | K9: =J9/_xlfn.XLOOKUP(H9,Validation!$F$3:$F$12,Validation!$G$3:$G$12,0) -> 0
B11: 1.2.2 | C11: Participant Expenses | L11: =IFERROR(SUMIFS(K:K, B:B, B11 & "*"), "") -> 11321.57
B12: 1.2.2.1 | C12: Local Participant Perdiem (3 days) | D12: Local Per Diem | E12: Person | F12: 25 | G12: 3 | H12: USD | I12: 34 | J12: =F12*G12*I12 -> 2550 | K12: =J12/_xlfn.XLOOKUP(H12,Validation!$F$3:$F$12,Validation!$G$3:$G$12,0) -> 3895.5087 | M12: Note to bidders: This budget line is for estimation purposes only. Actual payment will be determined based on participants' actual travel itineraries. RT4D will provide further guidance on per diem calculations when the final flight schedules become available.
B13: 1.2.2.2 | C13: Hotel Accommodation (2 night) | D13: Accommodation | E13: Person | F13: 25 | G13: 2 | H13: USD | I13: 41 | J13: =F13*G13*I13 -> 2050 | K13: =J13/_xlfn.XLOOKUP(H13,Validation!$F$3:$F$12,Validation!$G$3:$G$12,0) -> 3131.6835 | M13: Note to bidders: This accommodation budget is provided for costing purposes only. Actual reimbursement will be based on participants' actual hotel receipts. The selected bidder must submit at least three hotel options for RT4D's review and approval, with a preference for four-star accommodations.
B14: 1.2.2.3 | C14: Airport transfer allowance | D14: Local Transportation | E14: Person | F14: 10 | G14: 4 | H14: USD | I14: 13 | J14: =F14*G14*I14 -> 520 | K14: =J14/_xlfn.XLOOKUP(H14,Validation!$F$3:$F$12,Validation!$G$3:$G$12,0) -> 794.37825 | M14: Note to bidders: This amount is included for budgeting purposes only. The actual arrangements and associated costs will be finalized in consultation with RT4D after contract award.
B15: 1.2.2.4 | C15: Land travel allowance | D15: Local Transportation | E15: Person | F15: 15 | G15: 2 | H15: AUD | I15: 50 | J15: =F15*G15*I15 -> 1500 | K15: =J15/_xlfn.XLOOKUP(H15,Validation!$F$3:$F$12,Validation!$G$3:$G$12,0) -> 1500 | M15: Note to bidders: This budget is for costing purposes only. Actual arrangements will be agreed with RT4D at a later stage.
B16: 1.2.2.5 | C16: Airfare - Domestic | D16: Airfare | E16: Person | F16: =F14 -> 10 | G16: 1 | H16: AUD | I16: 200 | J16: =F16*G16*I16 -> 2000 | K16: =J16/_xlfn.XLOOKUP(H16,Validation!$F$3:$F$12,Validation!$G$3:$G$12,0) -> 2000 | M16: Note to bidders: This amount is included for budgeting purposes only. Actual payment will be determined based on the actual cost of participants' air tickets.
B18: 1.2.3 | C18: Event Facilitation Expenses | L18: =IFERROR(SUMIFS(K:K, B:B, B18 & "*"), "") -> 6313.5742
B19: 1.2.3.1 | C19: Hotel package per pax (venue rental and lunch, teabreaks per pax) | D19: Meetings & Conferences | E19: Person | F19: 60 | G19: 2 | H19: VND | I19: 900000 | J19: =F19*G19*I19 -> 108000000 | K19: =J19/_xlfn.XLOOKUP(H19,Validation!$F$3:$F$12,Validation!$G$3:$G$12,0) -> 6313.5742 | M19: Note to bidders: This budget is for costing purposes only. The selected bidder must provide three hotel options and each option's actual cost for RT4D's approval, preferably at the four-star level.
B20: 1.2.3.2 | C20: Event organization and logistics | K20: =SUM(K21:K26) -> 0 | M20: Bidders to complete: Please provide a cost breakdown for this line item for proposal costing purposes. This expense is reimbursable based on actual receipts.
C21: - Event logistics & organization service | D21: Meetings & Conferences | E21: Lumpsum | F21: 1 | G21: 2 | H21: VND | J21: =F21*G21*I21 -> 0 | K21: =J21/_xlfn.XLOOKUP(H21,Validation!$F$3:$F$12,Validation!$G$3:$G$12,0) -> 0 | M21: Note to bidders: The quoted cost should include all required workshop equipment, facilities, and support services, including but not limited to LED screen(s), high-quality audiovisual and sound systems, microphones (wireless handheld, lapel and podium), interpretation equipment, reliable high-speed internet connectivity, hybrid meeting facilities (including Zoom connectivity and livestreaming)where required, registration and check-in facilities, POS facilities, signage and nameplates, power supply and extension cables, reception services, technical support personnel, and any other equipment or facilities necessary for the successful delivery of the workshop.
C22: - Event material | D22: Meetings & Conferences | E22: Lumpsum | F22: 1 | G22: 1 | H22: AUD | J22: =F22*G22*I22 -> 0 | K22: =J22/_xlfn.XLOOKUP(H22,Validation!$F$3:$F$12,Validation!$G$3:$G$12,0) -> 0
C23: - Event Support - MC | D23: Meetings & Conferences | E23: Lumpsum | F23: 1 | G23: 2 | H23: VND | J23: =F23*G23*I23 -> 0 | K23: =J23/_xlfn.XLOOKUP(H23,Validation!$F$3:$F$12,Validation!$G$3:$G$12,0) -> 0
C24: - Event Support - Interpreter if any | D24: Meetings & Conferences | E24: Lumpsum | F24: 1 | G24: 1 | H24: VND | J24: =F24*G24*I24 -> 0 | K24: =J24/_xlfn.XLOOKUP(H24,Validation!$F$3:$F$12,Validation!$G$3:$G$12,0) -> 0
C25: - Event Support - Videoman & Cameraman | D25: Meetings & Conferences | E25: Lumpsum | F25: 1 | G25: 2 | H25: VND | J25: =F25*G25*I25 -> 0 | K25: =J25/_xlfn.XLOOKUP(H25,Validation!$F$3:$F$12,Validation!$G$3:$G$12,0) -> 0 | M25: Note to bidders: Deliverables shall include event photos, one workshop recap video, 2-3 participant or stakeholder interviews conducted during the workshop, and all raw footage, including full recordings of VIP speeches.
C26: - Branded Stationaries | D26: Meetings & Conferences | E26: Pax | F26: 60 | G26: 1 | H26: VND | J26: =F26*G26*I26 -> 0 | K26: =J26/_xlfn.XLOOKUP(H26,Validation!$F$3:$F$12,Validation!$G$3:$G$12,0) -> 0 | M26: Note to bidders: follow RT4D's standard branding requirements and templates.
B27: 1.2.4 | C27: Miscellaneous | D27: Meetings & Conferences | E27: Lumpsum | F27: 1 | G27: 1 | J27: =F27*G27*I27 -> 0 | K27: =3%*(L11+L18) -> 529.05434 | L27: =IFERROR(SUMIFS(K:K, B:B, B27 & "*"), "") -> 529.05434
B28: 1.2.5 | C28: Event Management Cost | D28: Subcontractor-External | E28: Lumpsum | J28: =F28*G28*I28 -> 0 | L28: =IFERROR(SUMIFS(K:K, B:B, B28 & "*"), "") -> 0

Sheet 2. Coaching 
B1: Project Name | C1: ='Activities Budget-Final'!C1 -> Advancing digital and green transition for agriculture, manufacturing and processing MSMEs
B2: Activity | C2: =C7 -> Activity 2: Six 1-Day Coaching Session for 3 sectoral groups
B5: Activity Code | C5: Activity Name | D5: Category | E5: Unit | F5: Quantity | G5: Days | H5: Currency | I5: Rate/unit | J5: Total Cost | K5: Total Cost | L5: Total | M5: Remarks
K6: AUD | L6: Per Activity
B7: 2 | C7: Activity 2: Six 1-Day Coaching Session for 3 sectoral groups | L7: =SUM(L8:L28) -> 14405.087
B8: 2.1 | C8: Professional fee | L8: =IFERROR(SUMIFS(K:K, B:B, B8 & "*"), "") -> 0
B9: 2.1.1 | C9: Professional fee (inclusive of all costs and expenses) | D9: Professional Services | E9: Day | H9: AUD | J9: =F9*G9*I9 -> 0 | K9: =J9/_xlfn.XLOOKUP(H9,Validation!$F$3:$F$12,Validation!$G$3:$G$12,0) -> 0
B11: 2.2 | C11: Participant Expenses | L11: =IFERROR(SUMIFS(K:K, B:B, B11 & "*"), "") -> 12231.751
B12: 2.2.1 | C12: Local Participant Perdiem | D12: Local Per Diem | E12: Person | F12: 9 | G12: 12 | H12: USD | I12: 34 | J12: =F12*G12*I12 -> 3672 | K12: =J12/_xlfn.XLOOKUP(H12,Validation!$F$3:$F$12,Validation!$G$3:$G$12,0) -> 5609.5325 | M12: Note to bidders: This budget line is for estimation purposes only. Actual payment will be determined based on participants' actual travel itineraries. RT4D will provide further guidance on per diem calculations when the final flight schedules become available.
B13: 2.2.2 | C13: Hotel Accommodation | D13: Accommodation | E13: Person | F13: 9 | G13: 6 | H13: USD | I13: 41 | J13: =F13*G13*I13 -> 2214 | K13: =J13/_xlfn.XLOOKUP(H13,Validation!$F$3:$F$12,Validation!$G$3:$G$12,0) -> 3382.2181 | M13: Note to bidders: This accommodation budget is provided for costing purposes only. Actual reimbursement will be based on participants' actual hotel receipts. The selected bidder must submit at least three hotel options for RT4D's review and approval, with a preference for four-star accommodations.
B14: 2.2.3 | C14: Land travel allowance | D14: Local Transportation | E14: Person | F14: 9 | G14: 12 | H14: AUD | I14: 30 | J14: =F14*G14*I14 -> 3240 | K14: =J14/_xlfn.XLOOKUP(H14,Validation!$F$3:$F$12,Validation!$G$3:$G$12,0) -> 3240 | M14: Note to bidders: This budget is for costing purposes only. Actual arrangements will be agreed with RT4D at a later stage.
B16: 2.3 | C16: Event Facilitation Expenses | L16: =IFERROR(SUMIFS(K:K, B:B, B16 & "*"), "") -> 1753.7706
B17: 2.3.1 | C17: Hotel package per pax (venue rental and lunch, teabreaks per pax) | D17: Meetings & Conferences | E17: Person | F17: 10 | G17: 6 | H17: VND | I17: 500000 | J17: =F17*G17*I17 -> 30000000 | K17: =J17/_xlfn.XLOOKUP(H17,Validation!$F$3:$F$12,Validation!$G$3:$G$12,0) -> 1753.7706 | M17: Note to bidders: This budget is for costing purposes only. The selected bidder must provide three venue options and each option's actual cost for RT4D's approval.
B18: 2.3.2 | C18: Event organization and logistics | K18: =SUM(K19:K21) -> 0 | M18: Bidders to complete: Please provide a cost breakdown for this line item for proposal costing purposes. This expense is reimbursable based on actual receipts.
C19: - Event logistics & organization service | D19: Meetings & Conferences | E19: Lumpsum | F19: 1 | G19: 6 | H19: VND | J19: =F19*G19*I19 -> 0 | K19: =J19/_xlfn.XLOOKUP(H19,Validation!$F$3:$F$12,Validation!$G$3:$G$12,0) -> 0 | M19: Note to bidders: The quoted cost should include all required equipment, facilities, and support services, including but not limited to administrative, logistical, and technical support personnel, presentation equipment, internet connectivity, and any other related support services necessary for the activity.
C20: - Event material | D20: Meetings & Conferences | E20: Lumpsum | F20: 1 | G20: 6 | H20: AUD | J20: =F20*G20*I20 -> 0 | K20: =J20/_xlfn.XLOOKUP(H20,Validation!$F$3:$F$12,Validation!$G$3:$G$12,0) -> 0
B22: 2.4 | C22: Site Visits | L22: =IFERROR(SUMIFS(K:K, B:B, B22 & "*"), "") -> 0
B23: 2.4.1 | C23: Vehicle/coach for site visits | D23: Meetings & Conferences | E23: Unit | F23: 3 | G23: 1 | H23: AUD | J23: =F23*G23*I23 -> 0 | K23: =J23/_xlfn.XLOOKUP(H23,Validation!$F$3:$F$12,Validation!$G$3:$G$12,0) -> 0 | M23: One visit per group
B24: 2.4.2 | C24: Site visit coordination/logistics | D24: Meetings & Conferences | E24: Lumpsum | F24: 3 | G24: 1 | H24: AUD | J24: =F24*G24*I24 -> 0 | K24: =J24/_xlfn.XLOOKUP(H24,Validation!$F$3:$F$12,Validation!$G$3:$G$12,0) -> 0 | M24: Host coordination, basic logistics
B26: 2.5 | C26: Miscellaneous | D26: Meetings & Conferences | E26: Lumpsum | F26: 1 | G26: 1 | J26: =F26*G26*I26 -> 0 | K26: =3%*(L11+L16+L22) -> 419.56564 | L26: =K26 -> 419.56564
B27: 2.6 | C27: Event Management Cost | D27: Subcontractor-External | E27: Lumpsum | J27: =F27*G27*I27 -> 0 | L27: =K27 -> 0

Sheet Validation
A2: EXPENDITURE CATEGORY | B2: EXPENDITURE TYPE | D2: Quantity CATEGORY | F2: Unit Currency | G2: Conversion Rate to AUD
A3: Other Direct Costs | B3: Bank Charges | D3: Pax | F3: AUD | G3: 1
A4: Other Direct Costs | B4: Communications | D4: Person | F4: USD | G4: 0.6546
A5: Other Direct Costs | B5: Courier Services | D5: One way | F5: LAK | G5: 14015
A6: Other Direct Costs | B6: Meetings & Conferences | D6: Return | F6: IDR | G6: 10612
A7: Other Direct Costs | B7: Office Expenses | D7: Lumpsum | F7: VND | G7: 17106
A8: Other Direct Costs | B8: Professional Services | D8: Km | F8: MYR | G8: 2.77
A9: Other Direct Costs | B9: Recruitment | D9: Pieces | F9: SGD | G9: 0.836
A10: Other Direct Costs | B10: Translation Services | D10: Unit | F10: NZD | G10: 1.087
A11: Other Direct Costs | B11: Workshops | D11: Event | F11: THB | G11: 21.26
A12: Other Direct Costs | B12: Utilities | D12: Hour | F12: PHP | G12: 39.12
A13: Subcontractors | B13: Subcontractor-External | D13: Day
A14: Travel | B14: Airfare | D14: Monthly
A15: Travel | B15: Accommodation | D15: Annual
A16: Travel | B16: Local Transportation | D16: Semester
A17: Travel | B17: Overseas Per Diem | D17: Quaterly
A18: Travel | B18: Incidental Travel
A19: Travel | B19: Local Per Diem
A20: Travel | B20: Other Allowance
